 Dungeon Sprint DCSS version 0.25.1-4-g9407a263a5 (webtiles) character file.

Game seed: 1434840112520432009

1622 Atelerd the Blocker (level 8, -13/63 HPs)
             Began as an Octopode Fighter on Nov 25, 2020.
             Was an Elder of Makhleb.
             Killed by the air
             ... invoked by a wind drake
              (27 damage)
             ... in the Dungeon (Sprint V: "Ziggurat Sprint").
             The game lasted 00:02:05 (261 turns).

Atelerd the Blocker (Octopode Fighter)               Turns: 261, Time: 00:02:05

Health: -13/63     AC:  1    Str: 29    XL:     8   Next: 96%
Magic:  8/8        EV: 16    Int: 25    God:    Makhleb [****..]
Gold:   0          SH: 37    Dex: 21    Spells: 7/7 levels left

rFire    . . .     SeeInvis +   F - +14 obsidian axe {vorpal, +Fly SInv *Curse} (curse)
rCold    . . .     Gourm    .   G - +18 shield of the Gong {rElec rN+ MR+ EV-5}
rNeg     + . .     Faith    .   (helmet restricted)
rPois    .         Spirit   .   a - amulet "Ogginn" {Reflect Int+2 Dex-2 SH+5 SInv}
rElec    +         Reflect  +   w - +6 ring of dexterity
rCorr    .         Harm     .   x - +6 ring of dexterity
MR       +....     NoTele   +   y - +6 ring of intelligence
Stlth    +++.......             z - +6 ring of intelligence
HPRegen  0.20/turn              A - +6 ring of strength
MPRegen  0.11/turn              B - +6 ring of strength
                                (no ring)
                                (no ring)

@: flying (expiring), mesmerised
A: almost no armour, stealthy swim, amphibious, 8 rings, constrict 8, camouflage
1, gelatinous body 1
a: Minor Destruction, Lesser Servant of Makhleb, Major Destruction, Renounce
Religion


You were in the Dungeon.
You worshipped Makhleb.
Makhleb was greatly pleased with you.
You were not hungry.

You visited 1 branch

Inventory:

Hand Weapons
 F - the cursed +14 obsidian axe (weapon) {vorpal, +Fly SInv *Curse}
   (You found it in the Dungeon)

   It inflicts extra damage upon your enemies.
   It lets you see invisible.
   It lets you fly.
   It curses itself when equipped.
   It has a curse placed upon it.
Armour
 G - the +18 shield of the Gong (worn) {rElec rN+ MR+ EV-5}
   (You found it in the Dungeon)

   It affects your evasion (-5).
   It insulates you from electricity.
   It protects you from negative energy.
   It affects your resistance to hostile enchantments.
Jewellery
 a - the amulet "Ogginn" (around mantle) {Reflect Int+2 Dex-2 SH+5 SInv}
   (You found it in the Dungeon)

   [amulet of reflection]

   It shields you and reflects attacks.
   It affects your intelligence (+2).
   It affects your dexterity (-2).
   It lets you see invisible.
   It affects your SH (+5).
 v - an uncursed ring of flight
 w - a +6 ring of dexterity (left tentacle)
 x - a +6 ring of dexterity (right tentacle)
 y - a +6 ring of intelligence (on tentacle)
 z - a +6 ring of intelligence (on tentacle)
 A - a +6 ring of strength (on tentacle)
 B - a +6 ring of strength (on tentacle)
 I - an uncursed amulet of regeneration
Wands
 C - a wand of disintegration (7)
 D - a wand of iceblast (7)
 E - a wand of acid (7)
Scrolls
 j - 4 scrolls of blinking
 k - 4 scrolls of amnesia
 l - 7 scrolls of fog
 m - a scroll of holy word
 n - 5 scrolls of identify
 o - 5 scrolls of remove curse
 p - 2 scrolls of fear
Potions
 c - 6 potions of might
 e - 10 potions of curing
 f - 10 potions of heal wounds
 g - 6 potions of haste
 h - 7 potions of magic
 i - 3 potions of berserk rage
 q - 2 potions of brilliance
 r - 2 potions of invisibility
 s - 4 potions of resistance
 t - a potion of experience
 u - 5 potions of stabbing
Miscellaneous
 H - a lightning rod (4/4)
Comestibles
 b - 2 chunks of flesh
 d - 7 rations


   Skills:
 + Level 9.3 Fighting
 + Level 9.0 Axes
 + Level 9.3 Dodging
 * Level 12.4 Shields


You had 7 spell levels left.
You didn't know any spells.
Your spell library was empty.

Dungeon Overview and Level Annotations

Branches:
Dungeon (1/1)

Altars:
Ashenzari
Cheibriados
Dithmenos
Elyvilon
Fedhas
Gozag
Hepliaklqana
Kikubaaqudgha
Makhleb
Nemelex Xobeh
Okawaru
Qazlal
Ru
Sif Muna
Trog
Uskayaw
Vehumet
Wu Jian
Xom
Yredelemnul
Zin
The Shining One
Beogh
Jiyva
Lugonu

Annotations:
D 1 transporter


Innate Abilities, Weirdness & Mutations

You cannot wear most types of armour.
You are very stealthy in the water. (Stealth+)
You are amphibious.
You can wear up to eight rings at the same time.
You can use your tentacles to constrict eight enemies at once.
Your skin changes colour to match your surroundings (Stealth+).
Your rubbery body absorbs attacks. (AC +1, EV +1)


Message History

PTOANNNG!
A vortex of raging winds appears around the air elemental!
Unknown command.
You slice the air elemental!! Your squeeze misses the air elemental.
The air elemental is almost destroyed.
You slash the air elemental!
Visions of slaying the air elemental flood into your mind.
You are engulfed in raging winds.
The insubstantial wisp is destroyed! x2
The winds around the air elemental start to calm down.
The insubstantial wisp is destroyed!
The air elemental closely misses you. The air elemental hits you!
* * * LOW HITPOINT WARNING * * *
You block the air elemental's attack.
PANG!
You block the air elemental's attack.
GONNNNG!
The wind drake flaps its wings at you.
The air twists around and violently strikes you in flight!!
You die...

▓........▓........▓
▓........▓..†÷†...▓
▓........▓.▓....▓.▓
▓...©....▓...©....▓
▓▓▓▓▓▓▓▓▓▓▓▓▓▓▓▓▓▓▓
▓..8©8..▓ ▓.§§|§§.▓
▓.§§§§§§▓ ▓.§§§§@§▓
▓.§§§EE3▓ ▓.§§§§§§▓
▓..k§§§§▓ ▓.▓...▓3▓
▓.§§§§.4▓ ▓▓▓▓▓▓▓▓▓


You could see a wind drake (repels missiles), 2 air elementals, a friendly soul
eater (summoned), a friendly sun demon (summoned) and a friendly rust devil
(summoned).

Vanquished Creatures
  2 merfolk (D)
  A slime creature (D)
  A tarantella (D)
  A fire elemental (D)
  A bullfrog (D)
  A scorpion (D)
  A jelly (D)
  2 iguanas (D)
  A fire vortex (D)
11 creatures vanquished.

Vanquished Creatures (collateral kills)
  2 merfolk (D)
  A slime creature (D)
  A fire elemental (D)
  A floating eye (D)
  An iguana (D)
  A jackal (D)
7 creatures vanquished.

Vanquished Creatures (others)
  3 insubstantial wisps (D)
3 creatures vanquished.

Grand Total: 21 creatures vanquished

Notes
Turn   | Place    | Note
-------+----------+-------------------------------------------
     0 | D        | Atelerd the Octopode Fighter began the quest for the Orb.
     0 | D        | Reached XP level 1. HP: 16/16 MP: 1/1
     0 | D        | Found a blossoming altar of Fedhas.
     1 | D        | Found the +6 Majin-Bo {vamp, Archmagi MP+6 Int+6}
     1 | D        | Found the +7 great mace "Firestarter" {inner flame, rF++}
     1 | D        | Found a transporter.
     1 | D        | Found a viscous altar of Jiyva.
     1 | D        | Found an ancient bone altar of Kikubaaqudgha.
     1 | D        | Found a hazy altar of Hepliaklqana.
     1 | D        | Found a corrupted altar of Lugonu.
     1 | D        | Found an opulent altar of Gozag.
     1 | D        | Found a burning altar of Makhleb.
     2 | D        | Found a sacrificial altar of Ru.
     2 | D        | Found a shimmering blue altar of Sif Muna.
     2 | D        | Found a stormy altar of Qazlal.
     2 | D        | Found a bloodstained altar of Trog.
     2 | D        | Found an iron altar of Okawaru.
     2 | D        | Found a sparkling altar of Nemelex Xobeh.
    34 | D        | Found the +6 shillelagh "Devastator" {shatter}
    34 | D        | Found the +11 plutonium sword {*Contam Stlth-}
    34 | D        | Found the +8 lance "Wyrmbane" {slay drac, rPois rF+ rC+
                  | AC+3}
    34 | D        | Found the +9 sword of Zonguldrok {reap}
    34 | D        | Found the cursed +13 scythe of Curses {drain, *Curse}
    34 | D        | Found the +0 sword of Power
    34 | D        | Found the +7 mace of Variability {chain chaos}
    34 | D        | Found the +7 Singing Sword {vorpal, sonic wave}
    34 | D        | Found the +8 storm bow {elec, penet}
    35 | D        | Found the +9 heavy crossbow "Sniper" {vorpal, Acc+∞ SInv}
    35 | D        | Found the +10 dark maul {vorpal}
    35 | D        | Found the +15 Maxwell's patent armour {-Cast -Tele rElec
                  | MR+ rCorr}
    35 | D        | Found the +18 shield of the Gong {rElec rN+ MR+ EV-5}
    35 | D        | Found the cursed +14 obsidian axe {vorpal, +Fly SInv
                  | *Curse}
    70 | D        | Became a worshipper of Makhleb the Destroyer
    78 | D        | Entered arena 2.
    78 | D        | Noticed a tarantella
    78 | D        | Noticed a scorpion
    78 | D        | Found a transporter.
    80 | D        | Killed a scorpion
    80 | D        | Reached skill level 5 in Shields
    80 | D        | Reached XP level 2. HP: 22/22 MP: 2/2
    80 | D        | Reached XP level 3. HP: 27/27 MP: 3/3
    82 | D        | Killed a tarantella
    82 | D        | Reached skill level 5 in Fighting
    82 | D        | Reached skill level 5 in Axes
    82 | D        | Reached skill level 5 in Dodging
    82 | D        | Reached skill level 7 in Shields
    82 | D        | Reached XP level 4. HP: 36/36 MP: 4/4
    82 | D        | Reached XP level 5. HP: 41/41 MP: 5/5
    94 | D        | Entered arena 3.
    94 | D        | Noticed a fire elemental
    94 | D        | Noticed a fire elemental
    94 | D        | Found a transporter.
    98 | D        | Killed a fire elemental
    98 | D        | Reached * piety under Makhleb
    98 | D        | Reached skill level 9 in Shields
    98 | D        | Reached XP level 6. HP: 47/47 MP: 6/6
   101 | D        | Killed a fire elemental
   101 | D        | Reached XP level 7. HP: 54/54 MP: 7/7
   209 | D        | Entered arena 4.
   209 | D        | Noticed a merfolk
   209 | D        | Noticed a merfolk
   209 | D        | Noticed a merfolk
   209 | D        | Noticed a merfolk
   209 | D        | Found a transporter.
   213 | D        | Killed a merfolk
   213 | D        | Reached skill level 10 in Shields
   214 | D        | Killed a merfolk
   214 | D        | Reached ** piety under Makhleb
   214 | D        | Reached skill level 11 in Shields
   215 | D        | Killed a merfolk
   215 | D        | Reached XP level 8. HP: 62/62 MP: 8/8
   218 | D        | Killed a merfolk
   222 | D        | Got the amulet "Ogginn" {Reflect Int+2 Dex-2 SH+5 SInv}
   227 | D        | Entered arena 5.
   227 | D        | Noticed a slime creature
   227 | D        | Noticed a slime creature
   227 | D        | Found a transporter.
   232 | D        | Killed a slime creature
   232 | D        | Reached *** piety under Makhleb
   234 | D        | Reached skill level 12 in Shields
   235 | D        | Killed a slime creature
   243 | D        | Entered arena 6.
   243 | D        | Found a transporter.
   246 | D        | Reached **** piety under Makhleb
   258 | D        | Entered arena 7.
   258 | D        | Noticed a wind drake
   258 | D        | Noticed an air elemental
   258 | D        | Noticed an air elemental
   259 | D        | Found a transporter.
   261 | D        | Killed from afar by a wind drake

Illustrated notes

Levels and vault maps discovered:
D:        sprint_v [room_start, room_1, room_2, room_3, room_4, room_5, room_6,
          room_7, room_8, room_9, room_10, room_11, room_12, room_13, room_14,
          room_15, room_16, room_17, room_18, room_19, room_20, room_21,
          room_22, room_23, room_24, room_25, room_26, room_27]

Skill      XL: |  1  2  3  4  5  6  7  8 |
---------------+-------------------------+-----
Fighting       | 4 5 6 7 8 9 |  9.3
Axes           | 3 5 6 8 9 |  9.0
Dodging        | 4 5 6 7 8 9 |  9.3
Shields        | 5 7 9 11 12 | 12.4

Action                   |  1- 3 |  4- 6 |  7- 9 || total
-------------------------+-------+-------+-------++-------
Melee: Broad axe         |     2 |     4 |    16 ||    22
       Tentacles         |     1 |     1 |     5 ||     7
       Constrict         |     1 |       |     4 ||     5
 Stab: Sleeping          |       |     1 |       ||     1
Dodge: Dodged            |     1 |       |     5 ||     6
Block: Kite shield       |     1 |     6 |    30 ||    37
